 Dungeon Crawl Stone Soup version 0.22.1-2-g9c5b331383 (webtiles) character file.

581 ternson the Magician (level 7, 0/50 HPs)
             Began as a Black Draconian Venom Mage on Dec 24, 2018.
             Was an Initiate of Vehumet.
             Slain by an orc priest
             ... wielding a +0 flail
              (3 damage)
             ... on level 5 of the Dungeon.
             The game lasted 00:36:44 (5100 turns).

ternson the Magician (Black Draconian Venom Mage)   Turns: 5100, Time: 00:36:46

Health: 0/50       AC:  6    Str: 10    XL:     7   Next: 14%
Magic:  1/16       EV: 12    Int: 18    God:    Vehumet [......]
Gold:   212        SH:  0    Dex: 11    Spells: 5/18 levels left

rFire    . . .     SeeInvis .   r - +0 mace
rCold    . . .     Gourm    .   (no shield)
rNeg     . . .     Faith    .   (armour unavailable)
rPois    .         Spirit   .   (helmet restricted)
rElec    +         Reflect  .   n - scarf {cloud immunity}
rCorr    .         Harm     .   (no gloves)
MR       .....                  (no boots)
Stlth    ++........             (no amulet)
HPRegen  0.16/turn              (no ring)
MPRegen  0.15/turn              (no ring)

@: no status effects
A: breathe lightning, unfitting armour, electricity resistance, cold-blooded, AC
+6
a: Breathe Lightning, Renounce Religion


You were on level 5 of the Dungeon.
You worshipped Vehumet.
Vehumet was noncommittal.
You were hungry.

You visited 2 branches of the dungeon, and saw 6 of its levels.

You collected 212 gold pieces.

Inventory:

Hand Weapons
 r - a +0 mace (weapon)
Missiles
 d - 85 stones
 v - 6 tomahawks (quivered)
Armour
 n - a scarf of cloud immunity (worn)
Jewellery
 m - a cursed ring of protection from fire {unknown}
 t - an uncursed ring of stealth {unknown}
Scrolls
 c - a scroll of teleportation {unknown}
 f - 2 scrolls of blinking {unknown}
 g - a scroll of random uselessness {unknown}
 i - a scroll of enchant weapon {unknown}
 k - a scroll of fog {unknown}
 l - 4 scrolls of fear {unknown}
 o - 3 scrolls of identify {unknown}
 p - 3 scrolls of remove curse {unknown}
 q - a scroll of noise {unknown}
 s - 2 scrolls of amnesia {unknown}
 x - a scroll of enchant armour {unknown}
Potions
 a - a potion of agility {unknown}
 e - 3 potions of flight {unknown}
 h - a potion of mutation {unknown}
 j - a potion of heal wounds {unknown}
 w - 3 potions of curing {unknown}
Comestibles
 b - 6 rations


   Skills:
 - Level 1.7 Dodging
 - Level 1.7 Stealth
 * Level 6.0 Spellcasting
 - Level 1.0 Conjurations
 + Level 5.3 Poison Magic


You had 5 spell levels left.
You knew the following spells:

 Your Spells              Type           Power        Failure   Level  Hunger
a - Sting                 Conj/Pois      ###.         3%          1    None
b - Poisonous Vapours     Pois/Air       ###...       6%          2    None
c - Mephitic Cloud        Conj/Pois/Air  ##......     16%         3    ##.....
d - Olgreb's Toxic Radia  Pois           ###.....     13%         4    ####...
e - Spider Form           Tmut/Pois      ###.......   12%         3    ##.....

Your spell library contained the following spells:

 Spells                   Type           Power        Failure   Level  Hunger
 Beastly Appendage        Tmut           #.....       12%         1    None
 Sticks to Snakes         Tmut           #.......     19%         2    None
 Venom Bolt               Conj/Pois      ###.......   65%         5    #####..
 Ice Form                 Ice/Tmut       #.......     75%         4    ####...
 Blade Hands              Tmut           #.........   97%         5    #####..


Dungeon Overview and Level Annotations

Branches:
Dungeon (5/15)             Temple (1/1) D:5

Altars:
Ashenzari
Cheibriados
Dithmenos
Elyvilon
Fedhas
Gozag
Hepliaklqana
Kikubaaqudgha
Makhleb
Nemelex Xobeh
Qazlal
Ru
Sif Muna
Trog
Uskayaw
Vehumet
Wu Jian
Xom
Zin


Innate Abilities, Weirdness & Mutations

You can breathe wild blasts of lightning.
Your glossy black scales are hard. (AC +6)
You cannot fit into any form of body armour.
You are resistant to electric shocks. (rElec)
You are cold-blooded and may be slowed by cold attacks.


Message History

Your Spellcasting skill increases to level 6!
The orc priest mumbles some strange prayers to Beogh against you.
Pain shoots through your body!
You hit the orc priest.
Your tail-slap misses the orc priest.
The orc priest is lightly wounded.
The orc priest hits you but does no damage.
You barely miss the orc priest.
The orc priest is lightly wounded.
The orc priest misses you.
You closely miss the orc priest.
The orc priest is lightly wounded.
The orc priest hits you with a flail!
* * * LOW HITPOINT WARNING * * *
You barely miss the orc priest.
The orc priest is lightly wounded.
The orc priest mumbles some strange prayers to Beogh against you.
Beogh smites you!
* * * LOW HITPOINT WARNING * * *
The orc priest hits you with a flail.
You die...

..#(## (.... .((.#
### ..( #.###..
.o. #...... #o#
#.##.###.# #o#
.#.#.#.# #.# #@#
......# #.# #.#
###.##.# #.# #.#
#......# #.#
#.####......# #.#
#...........# #.#
######......# #.#
#####......####.#
.........##......#
##################


You could see an orc priest and 2 orcs.

Vanquished Creatures
  An ogre (D:5)
  A crimson imp (D:5)
  A hound (D:4)
  A centaur zombie (D:5)
  2 orc priests
  2 orc wizards
  2 iguanas
  4 worker ants
  4 adders
  A gnoll (D:1)
  2 oozes
  2 worms
  A dart slug (D:1)
  11 orcs
  2 ball pythons (D:2)
  6 giant cockroaches
  4 goblins
  6 hobgoblins
  4 jackals
  9 kobolds
  A quokka (D:2)
  8 bats
  9 frilled lizards
  9 rats
93 creatures vanquished.

Notes
Turn   | Place    | Note
-------+----------+-------------------------------------------
     0 | D:1      | ternson the Draconian Venom Mage began the quest for the
                  | Orb.
     0 | D:1      | Reached XP level 1. HP: 14/14 MP: 3/3
    41 | D:1      | Reached XP level 2. HP: 12/20 MP: 0/5
    98 | D:1      | Learned a level 2 spell: Poisonous Vapours
  1026 | D:2      | Reached skill level 3 in Spellcasting
  1026 | D:2      | Reached XP level 3. HP: 26/26 MP: 4/7
  1582 | D:2      | Learned a level 3 spell: Mephitic Cloud
  1627 | D:2      | Reached XP level 4. HP: 27/33 MP: 1/9
  1706 | D:2      | Learned a level 4 spell: Olgreb's Toxic Radiance
  2457 | D:3      | Reached skill level 4 in Spellcasting
  2887 | D:3      | Reached XP level 5. HP: 35/38 MP: 7/11
  2974 | D:3      | Found a shadowy altar of Dithmenos.
  3759 | D:4      | HP: 1/38 [orc priest/divine providence (15)]
  3761 | D:4      | Reached XP level 6. HP: 2/45 MP: 5/13
  3783 | D:4      | Reached skill level 5 in Spellcasting
  4576 | D:5      | Entered Level 5 of the Dungeon
  4632 | D:5      | Found a staircase to the Ecumenical Temple.
  4647 | Temple   | Entered the Ecumenical Temple
  4718 | Temple   | Became a worshipper of Vehumet
  4835 | D:5      | Learned a level 3 spell: Spider Form
  4845 | D:5      | Reached skill level 5 in Poison Magic
  5088 | D:5      | Your scales start taking on a glossy black colour.
  5088 | D:5      | Reached XP level 7. HP: 50/50 MP: 2/15
  5088 | D:5      | Gained mutation: You are resistant to electric shocks.
                  | (rElec) [Black Draconian growth]
  5096 | D:5      | Reached skill level 6 in Spellcasting
  5100 | D:5      | Slain by an orc priest

Skill      XL: |  1  2  3  4  5  6  7 |
---------------+----------------------+-----
Spellcasting   | 3 4 5 6 |  6.0
Poison Magic   | 4 5 |  5.3
Dodging        | |  1.7
Stealth        | |  1.7
Conjurations   | |  1.0

Action                   |  1- 3 |  4- 6 |  7- 9 || total
-------------------------+-------+-------+-------++-------
Melee: Unarmed           |    17 |     8 |       ||    25
       Tailslap          |     5 |     5 |       ||    10
       Hand axe          |     9 |    39 |       ||    48
       Mace              |       |    18 |     9 ||    27
Throw: Stone             |       |     1 |       ||     1
       Tomahawk          |       |     9 |     1 ||    10
 Cast: Sting             |    70 |    37 |     1 ||   108
       Poisonous Vapours |     1 |    51 |     1 ||    53
       Olgreb's Toxic Ra |       |     3 |       ||     3
       Mephitic Cloud    |       |     4 |       ||     4
       Spider Form       |       |     1 |       ||     1
  Eat: Chunk             |     2 |    13 |       ||    15
Armor: Skin              |    12 |    25 |     2 ||    39
Dodge: Dodged            |    25 |    62 |     2 ||    89
